Unix NetHack Version 5.0.0-0 post-release - last build Jun 10 2026 00:39:30 (3ee93aec679c4c4259841fe613dc97188e26a321,branch:main).

Game began 2026-06-22 15:24:32, ended 2026-06-22 16:32:46.

Drastanta, neutral male human Barbarian

                                                         ---------
                                                         |.......|
                                                         |.......|
                                                         |.......-#
                                                         ........|#
                                                         |......<|#
                               ----------------          -----.---#
                               |..............|                   #
                               |...............#                  #
                               |..............|#                  #
                               -----.----------#%###              ##
                                    #              #   ---.---     #
                                                   ##  |..Y..|     ##  -----
                                                    #  |.e...|0########-...|
                                                    #  |.@...s#     #  |...|
                                                    #  |.d...|      #  |..>|
                                                    ###-.....|      #  |...|
                                                       -------      ###-...|
                                                                       -----

Drastanta the Pillager     St:18 Dx:17 Co:18 In:7 Wi:8 Ch:7  Neutral
Dlvl:6  $:74 HP:0(51) Pw:7(7) AC:7  Xp:5 T:2738 

Latest messages:
 The vial crashes on your head and breaks into shards.
 The emerald potion evaporates.
 You feel somewhat dizzy.
 Call an emerald potion: Confuse
 You feel less confused now.
 The wood nymph tries to steal your mail but gives up.
 The wood nymph vanishes!
 You can move again.
 You smite the floating eye.
 You smite the floating eye!
 You are frozen by the floating eye's gaze!
 You are beginning to feel hungry.
 You can move again.
 What do you want to eat? [hi or ?*] ?
 This fortune cookie is delicious!
 This cookie has a scrap of paper inside.
 It reads:
 They say that only an experienced wizard can do the tengu shuffle.
 What do you want to eat? [hi or ?*] i
 This fortune cookie is delicious!
 This cookie has a scrap of paper inside.
 It reads:
 They say that a plumed hat could be a previously used crested helmet.
 What do you want to eat? [h or ?*] h
 Blecch!  Rotten food!
 You feel rather light headed.
 What do you want to eat? [h or ?*] h
 Yak - dog food!
 You finish eating the tripe ration.
 You feel less confused now.
 You feel more confident in your weapon skills.
 You smite the floating eye!
 You are frozen by the floating eye's gaze!
 The little dog bites!
 The little dog bites!
 The little dog bites!
 The little dog bites!
 The little dog bites!
 The little dog bites!
 The little dog bites!
 The little dog bites!
 The little dog bites!
 The little dog bites!
 The little dog bites!
 The little dog bites!
 The little dog bites!
 The little dog bites!
 The little dog bites!
 You die...
 Do you want your possessions identified? [ynq] (y) q

Inventory:
 Coins    ('$')
  $ - 74 gold pieces
 Weapons  (')')
  b - a corroded +0 axe (weapon in right hand)
 Armor    ('[')
  g - a blessed +0 cloak of protection
  c - an uncursed +0 ring mail (being worn)
 Scrolls  ('?')
  q - a cursed scroll of food detection
  r - an uncursed scroll of scare monster
 Potions  ('!')
  u - an uncursed potion of extra healing
  m - an uncursed potion of fruit juice
  l - 2 uncursed potions of healing
 Rings    ('=')
  t - an uncursed ring of polymorph control
 Tools    ('(')
  k - an uncursed skeleton key
  v - an uncursed skeleton key
  f - a cursed tin whistle

Drastanta the Barbarian's attributes:

Background:
 You were a Pillager, a level 5 male human Barbarian.
 You were neutral, on a mission for Crom
 who was opposed by Mitra (lawful) and Set (chaotic).
 You were right-handed.
 You were in the Dungeons of Doom, on level 6.
 You entered the dungeon 2738 turns ago.
 You had 215 experience points, 105 more were needed to attain level 6.

Basics:
 You had 0 out of 51 hit points.
 You had all 7 energy points (spell power).
 Your armor class was 7.
 Your wallet contained 74 zorkmids.
 Autopickup was on for '$' plus thrown.

Final Characteristics:
 Your strength was 18 (limit:18/100).
 Your dexterity was 17 (limit:18).
 Your constitution was 18 (limit:18).
 Your intelligence was 7 (limit:18).
 Your wisdom was 8 (limit:18).
 Your charisma was 7 (limit:18).

Final Status:
 You weren't hungry.
 You were unencumbered.
 You were wielding an axe.
 You had basic skill with axe and could have enhanced that.

Final Attributes:
 You were piously aligned.
 You were poison resistant.
 You were warded.
 You are dead.

Miscellaneous:
 You didn't encounter any bones levels.
 Total elapsed playing time was 37 minutes and 17 seconds.

Major events:
 Turn
    1: Drastanta the neutral male human Barbarian entered the dungeon
 1070: attained the rank of Pillager (level 3)
 2738: killed by a little dog, while frozen by a floating eye's gaze

You didn't know any spells.

Skills:
 Fighting Skills
   bare handed combat [Basic]
   two weapon combat  [Unskilled]
   riding             [Unskilled]
 Weapon Skills
   dagger             [Unskilled]
   axe                [Basic]
   pick-axe           [Unskilled]
   short sword        [Unskilled]
   broadsword         [Unskilled]
   long sword         [Unskilled]
   two-handed sword   [Basic]
   saber              [Unskilled]
   club               [Unskilled]
   mace               [Unskilled]
   morning star       [Unskilled]
   flail              [Unskilled]
   hammer             [Unskilled]
   quarterstaff       [Unskilled]
   spear              [Unskilled]
   trident            [Unskilled]
   bow                [Unskilled]
 Spellcasting Skills
   attack spells      [Unskilled]
   escape spells      [Unskilled]

Voluntary challenges:
 Character rerolling was not enabled.
 You never genocided any monsters.
 You never polymorphed an object.
 You never changed form.
 You used no wishes.
Achievements:
 You entered a shop.
 You attained the rank of Pillager.

 The Dungeons of Doom: levels 1 to 6
    Level 1:
       A fountain.
    Level 2:
       An armor shop.
    Level 3:
    Level 4:
       A wand shop.
    Level 5:
    Level 6: <- You were here.
       Final resting place for
          you, killed by a little dog, while frozen by a floating eye's gaze.


Vanquished creatures:
  a small mimic
  a dingo
  a shrieker
  a gnome leader
  a giant ant
  2 kittens
  a homunculus
  3 rothes
  a rabid rat
 an orc zombie
 an iguana
  3 acid blobs
  2 coyotes
  a large kobold
  a hobgoblin
  a giant rat
  a red mold
  a gnome
  3 geckos
  7 jackals
  a fox
  a goblin
  2 sewer rats
  a lichen
  4 newts
43 creatures vanquished.

No species were genocided or became extinct.

Game over:
                       ----------
                      /          \
                     /    REST    \
                    /      IN      \
                   /     PEACE      \
                  /                  \
                  |    Drastanta     |
                  |      74 Au       |
                  |   killed by a    |
                  |    little dog    |
                  |                  |
                  |                  |
                  |       2026       |
                 *|     *  *  *      | *
        _________)/\\_//(\/(/\)/\//\/|_)_______

Goodbye Drastanta the Barbarian...

You died in The Dungeons of Doom on dungeon level 6 with 1187 points,
and 74 pieces of gold, after 2738 moves.
You were level 5 with a maximum of 51 hit points when you died.

